 Dungeon Crawl Stone Soup version 0.29.1-15-g9cfb28693d (webtiles) character file.

Game seed: 14141137376284167136

2866 Heoruswealwe the Thaumaturge (level 9, -2/45 HPs)
             Began as a Deep Elf Earth Elementalist on Apr 5, 2023.
             Was a Follower of Vehumet.
             Slain by an ice beast (5 damage)
             ... on level 7 of the Dungeon.
             The game lasted 01:14:21 (5471 turns).

Heoruswealwe the Thaumaturge (DEEE)                 Turns: 5471, Time: 01:14:23

Health: -2/45      AC:  1    Str:  5    XL:     9   Next: 47%
Magic:  23/27      EV: 12    Int: 25    God:    Vehumet [*.....]
Gold:   712        SH:  5    Dex: 15    Spells: 22/32 levels left

rFire   . . .      SeeInvis .   a - staff of earth
rCold   . . .      Faith    .   (no shield)
rNeg    . . .      Spirit   .   c - +0 robe
rPois   .          Reflect  +   g - +0 helmet
rElec   .          Harm     .   h - +0 cloak
rCorr   .          Rampage  .   f - +0 pair of gloves
Will    .....                   (no boots)
Stlth   ++........              i - amulet of reflection
HPRegen 0.15/turn               k - +4 ring of protection
MPRegen 0.20/turn               j - ring of wizardry

@: corroded
A: no striking features
a: Renounce Religion


You were on level 7 of the Dungeon.
You worshipped Vehumet.
Vehumet was aware of your devotion.
You visited 2 branches of the dungeon, and saw 8 of its levels.
You also visited: Sewer.

You collected 1431 gold pieces.
You spent 719 gold pieces at shops.

Inventory:

Hand Weapons
 b - a +0 war axe
 Q - a +2 rapier of electrocution
Armour
 c - a +0 robe (worn)
 f - a +0 pair of gloves (worn)
 g - a +0 helmet (worn)
 h - a +0 cloak (worn)
 u - a +2 animal skin
Magical Staves
 a - a staff of earth (weapon)
Jewellery
 i - an amulet of reflection (around neck)
 j - a ring of wizardry (right hand)
 k - a +4 ring of protection (left hand)
Wands
 y - a wand of digging (12)
 H - a wand of polymorph (6)
Scrolls
 d - 7 scrolls of teleportation
 s - 2 scrolls of immolation {unknown}
 v - 3 scrolls of fear {unknown}
 I - 2 scrolls of enchant weapon
 L - a scroll of noise {unknown}
 M - a scroll of amnesia {unknown}
Potions
 m - 2 potions of degeneration {unknown}
 n - a potion of invisibility
 o - 4 potions of curing {unknown}
 p - 2 potions of resistance {unknown}
 q - 3 potions of flight
 A - 3 potions of heal wounds {unknown}
 D - 2 potions of magic
 G - a potion of berserk rage {unknown}
 J - 3 potions of might
 N - 2 potions of mutation {unknown}


   Skills:
 - Level 2.4 Dodging
 - Level 2.4 Stealth
 + Level 12.4 Spellcasting
 - Level 1.1 Transmutations
 + Level 10.7 Earth Magic


You had 22 spell levels left.
You knew the following spells:

 Your Spells              Type           Power      Damage    Failure   Level
a - Sandblast             Erth           100%       2d20      1%          1
b - Stone Arrow           Conj/Erth      100%       3d13      1%          3
c - Petrify               Tmut/Erth      61%        N/A       1%          4
z - Passwall              Tmut/Erth      50%        N/A       1%          2

Your spell library contained the following spells:

 Spells                   Type           Power      Damage    Failure   Level
 Freeze                   Ice            60%        1d8       1%          1
 Magic Dart               Conj           60%        1d6       1%          1
 Call Imp                 Summ           15%        N/A       2%          2
 Ensorcelled Hibernation  Hex/Ice        30%        N/A       2%          2
 Scorch                   Fire           30%        2d6       2%          2
 Searing Ray              Conj           30%        2d5       2%          2
 Mephitic Cloud           Conj/Pois/Air  15%        N/A       4%          3
 Swiftness                Air            15%        N/A       4%          3
 Flame Wave               Conj/Fire      15%        2d7       16%         4
 Fulminant Prism          Conj/Hex       7%         3d7       16%         4
 Summon Cactus Giant      Summ           7%         N/A       90%         6


Dungeon Overview and Level Annotations

Branches:
Dungeon (7/15)             Temple (1/1) D:4           Sewer (visited)

Altars:
Ashenzari
Cheibriados
Dithmenos
Elyvilon
Fedhas
Gozag
Hepliaklqana
Makhleb
Nemelex Xobeh
Okawaru
Qazlal
Ru
Sif Muna
Trog
Uskayaw
Vehumet
Wu Jian
Zin
The Shining One

Shops:
D:1 *


Message History

You are too injured to fight recklessly!
Casting: Sandblast (safe; 1% risk of failure)
Confirm with . or Enter, or press ? or * to list all spells.
Aiming: Sandblast (safe; 1% risk of failure)
Press: ? - help, Shift-Dir - straight line, f/p - acid dragon
Aim: an acid dragon (almost dead, 85% to hit)
You feel a surge of power!
The blast of sand hits the jelly!!
You kill the jelly!
Vehumet accepts your kill.
You feel your power returning.
Casting: Sandblast (safe; 1% risk of failure)
Confirm with . or Enter, or press ? or * to list all spells.
Aiming: Sandblast (safe; 1% risk of failure)
Press: ? - help, Shift-Dir - straight line, f/p - acid dragon
Aim: an acid dragon (almost dead, 85% to hit)
You feel a surge of power!
The blast of sand hits the acid dragon.
You kill the acid dragon!
Vehumet accepts your kill. The ice beast hits you.
* * * LOW HITPOINT WARNING * * *
The ice beast freezes you.
* * * LOW HITPOINT WARNING * * *
A phantom comes into view.
Casting: Sandblast (safe; 1% risk of failure)
Confirm with . or Enter, or press ? or * to list all spells.
Aiming: Sandblast (safe; 1% risk of failure)
Press: ? - help, Shift-Dir - straight line, f - ice beast
Aim: an ice beast (85% to hit)
You feel a surge of power!
The blast of sand hits the ice beast but does no damage.
The ice beast hits you but does no damage.
Casting: Sandblast (safe; 1% risk of failure)
Confirm with . or Enter, or press ? or * to list all spells.
Aiming: Sandblast (safe; 1% risk of failure)
Press: ? - help, Shift-Dir - straight line, f/p - ice beast
Aim: an ice beast (85% to hit)
You feel a surge of power!
The blast of sand hits the ice beast!!
The ice beast is severely wounded.
You block the ice beast's attack. The ice beast hits you.
You die...

... #.. ..... . ... #. .....
.# ..(. # .....## #. #... #
#....## #W# #..# ## #....##..#
#...##. ## #......# #......
##.. #..Y:..# ..#... ...#
#...@# ###. #.. ##...###...
..# #. #..##...####...## ..#
#. ##...............# #.## #..
## #................###..###.#
#..#.......#####......#..##...
#.........# #..............
##....(...# #..#........#..
#........## #...........###


You could see an ice beast and a phantom.

Vanquished Creatures
  Sigmund (D:2)
  A wyvern (D:6)
  Eustachio (D:4)
  An acid dragon (D:7)
  3 black bears
  2 sky beasts
  An ice beast (D:5)
  2 ogres
  3 phantoms
  2 kobold brigands
  4 scorpions
  A necrophage (D:5)
  A howler monkey (D:6)
  A hound (D:5)
  A gnoll bouda (D:6)
  3 orc priests
  3 jellies
  Ijyb (D:3)
  5 iguanas
  A merfolk siren (Sewer)
  3 orc wizards
  Natasha (thrice) (D:3)
  A merfolk avatar (Sewer)
  Robin (D:3)
  5 gnolls (D:6)
  10 adders
  3 river rats (Sewer)
  4 worms
  15 orcs
  5 endoplasms
  8 giant cockroaches
  12 goblins
  10 hobgoblins
  4 quokkas
  10 ball pythons
  2 bats (D:1)
  11 frilled lizards
  11 kobolds
  20 rats
176 creatures vanquished.

Notes
Turn   | Place    | Note
-------+----------+-------------------------------------------
     0 | D:1      | Heoruswealwe the Deep Elf Earth Elementalist began the
                  | quest for the Orb.
     0 | D:1      | Reached XP level 1. HP: 10/10 MP: 6/6
    38 | D:1      | Found Ceysk's General Store.
   160 | D:1      | Reached XP level 2. HP: 15/15 MP: 2/8
   164 | D:1      | Learned a level 2 spell: Passwall
   673 | D:2      | Reached skill level 4 in Spellcasting
   742 | D:2      | Noticed Sigmund
   747 | D:2      | Killed Sigmund
   748 | D:2      | Reached skill level 5 in Spellcasting
   748 | D:2      | Reached skill level 5 in Earth Magic
   748 | D:2      | Reached XP level 3. HP: 6/19 MP: 6/12
   748 | D:2      | Reached XP level 4. HP: 8/24 MP: 6/13
   748 | D:2      | Reached XP level 5. HP: 9/28 MP: 6/15
  1036 | D:2      | Reached skill level 6 in Spellcasting
  1466 | D:3      | Noticed Robin
  1472 | D:3      | Killed Robin
  1477 | D:3      | Reached XP level 6. HP: 32/32 MP: 3/17
  1622 | D:3      | Found a sacrificial altar of Ru.
  1624 | D:3      | Noticed Ijyb
  1634 | D:3      | Killed Ijyb
  1664 | D:3      | Found a snail-covered altar of Cheibriados.
  1730 | D:3      | Found a glowing drain.
  1799 | Sewer    | Entered a sewer
  1877 | Sewer    | Reached skill level 7 in Spellcasting
  2119 | D:3      | Noticed Natasha
  2122 | D:3      | Killed Natasha
  2161 | D:3      | Reached XP level 7. HP: 36/36 MP: 16/19
  2343 | D:3      | Noticed Natasha
  2346 | D:3      | Killed Natasha
  2414 | D:3      | Noticed Natasha
  2416 | D:3      | Killed Natasha
  2612 | D:4      | Reached skill level 8 in Spellcasting
  2683 | D:4      | Found a stormy altar of Qazlal.
  2792 | D:4      | Found a burning altar of Makhleb.
  2898 | D:4      | Found a staircase to the Ecumenical Temple.
  2949 | D:4      | Noticed Eustachio
  2958 | D:4      | Reached skill level 9 in Spellcasting
  2960 | D:4      | Killed Eustachio
  2961 | D:4      | Reached XP level 8. HP: 41/41 MP: 15/23
  2995 | Temple   | Entered the Ecumenical Temple
  2995 | Temple   | Found a transporter.
  2995 | Temple   | Found a transporter.
  2997 | Temple   | Found a transporter.
  2997 | Temple   | Found a transporter.
  3033 | Temple   | Became a worshipper of Vehumet
  3192 | D:5      | Entered Level 5 of the Dungeon
  3229 | D:5      | Reached skill level 10 in Spellcasting
  3381 | D:5      | Learned a level 3 spell: Stone Arrow
  3386 | D:5      | Learned a level 4 spell: Petrify
  3496 | D:5      | Found a blossoming altar of Fedhas.
  3675 | D:6      | Reached skill level 11 in Spellcasting
  3868 | D:6      | Reached * piety under Vehumet
  3868 | D:6      | Offered knowledge of Freeze by Vehumet.
  3887 | D:6      | Reached XP level 9. HP: 45/45 MP: 23/26
  3897 | D:6      | Reached skill level 10 in Earth Magic
  4275 | D:6      | Identified a scroll of acquirement
  4279 | D:6      | Acquired 1064 gold pieces
  4488 | D:1      | Bought a +0 robe for 7 gold pieces
  4488 | D:1      | Bought a potion of attraction for 30 gold pieces
  4488 | D:1      | Bought a +0 robe for 7 gold pieces
  4488 | D:1      | Bought a scroll of acquirement for 520 gold pieces
  4488 | D:1      | Bought a scroll of enchant weapon for 75 gold pieces
  4488 | D:1      | Bought 2 potions of might for 80 gold pieces
  4491 | D:1      | Acquired a staff of earth
  4875 | D:7      | Reached skill level 12 in Spellcasting
  5337 | D:7      | Found a shimmering blue altar of Sif Muna.
  5471 | D:7      | Slain by an ice beast

Illustrated notes

Levels and vault maps discovered:
D:1:      spicycebolla_arrival_transporter_tutorial, layout_rooms, serial_shops,
          nicolae_shop_behind_doors
D:2:      layout_loops_ring, kennysheep_minor_cross, uniq_sigmund
D:3:      layout_basic, nicolae_overflow_squiral, gup_sewer_entry_glass,
          uniq_robin, uniq_ijyb, uniq_natasha
D:4:      layout_rooms, mainiacjoe_overflow_concentric_impassable,
          nicolae_qazlal_scattered_showers, temple_pool_b,
          kennysheep_generic_room_16, uniq_eustachio
D:5:      layout_basic, amcnicky_altar_gilded, nicolae_figureground_sparkle
D:6:      layout_loops_ring, minmay_misc_feat_five
D:7:      layout_layer_cave, nicolae_sif_muna_condensation, st_stairs_6
Temple:   hellmonk_temple_divided_pantheon

Skill      XL: |  1  2  3  4  5  6  7  8  9 |
---------------+----------------------------+-----
Spellcasting   | 5 6 7 9 11 12 | 12.4
Earth Magic    | 5 6 8 9 10 | 10.7
Dodging        | |  2.4
Stealth        | |  2.4
Transmutations | |  1.1

Action                   |  1- 3 |  4- 6 |  7- 9 || total
-------------------------+-------+-------+-------++-------
Melee: Unarmed           |       |     1 |       ||     1
 Cast: Sandblast         |    31 |   117 |   128 ||   276
       Passwall          |       |     1 |     2 ||     3
  Use: Potion            |       |     2 |     1 ||     3
       Scroll            |       |       |     8 ||     8
Armor: Robe              |     3 |     1 |     1 ||     5
       Animal skin       |       |    12 |    10 ||    22
Dodge: Dodged            |     5 |    21 |    23 ||    49
Block: Other             |       |       |     3 ||     3
       Reflection        |       |       |     1 ||     1
